 Dungeon Crawl Stone Soup version 0.29-a0-330-g52719c12eb (webtiles) character file.

Game seed: 4866987002649654603

11 Flugslaktarn the Firebug (level 2, 15/19 HPs)
             Began as a Human Fire Elementalist on Apr 15, 2022.
             Was a Follower of Makhleb.
             Quit the game on level 2 of the Dungeon.
             The game lasted 00:00:30 (110 turns).

Flugslaktarn the Firebug (Human Fire Elementalist)   Turns: 110, Time: 00:00:30

Health: 15/19      AC:  3    Str:  8    XL:     2   Next: 40%
Magic:  2/5        EV: 12    Int: 15    God:    Makhleb [*.....]
Gold:   19         SH:  0    Dex: 13    Spells: 4/5 levels left

rFire   . . .      SeeInvis .   (no weapon)
rCold   . . .      Faith    .   (no shield)
rNeg    . . .      Spirit   .   a - +0 robe
rPois   .          Reflect  .   e - +0 helmet
rElec   .          Harm     .   (no cloak)
rCorr   .          Rampage  .   (no gloves)
Will    .....                   (no boots)
Stlth   ++........              (no amulet)
HPRegen 0.06/turn               (no ring)
MPRegen 0.09/turn               (no ring)

@: no status effects
A: no striking features
a: Renounce Religion


You were on level 2 of the Dungeon.
You worshipped Makhleb.
Makhleb was aware of your devotion.
You visited 1 branch of the dungeon, and saw 2 of its levels.

You collected 19 gold pieces.

Inventory:

Missiles
 d - 41 stones
Armour
 a - a +0 robe (worn)
 e - a +0 helmet (worn)
   (You found it on level 1 of the Dungeon)
Scrolls
 c - a scroll of identify {unknown}
 f - a scroll of teleportation {unknown}
Potions
 b - a potion of magic


   Skills:
 - Level 2.0 Dodging
 - Level 2.0 Stealth
 - Level 2.0 Spellcasting
 + Level 2.2 Conjurations
 - Level 3.0 Fire Magic


You had 4 spell levels left.
You knew the following spells:

 Your Spells              Type           Power      Damage    Failure   Level
a - Foxfire               Conj/Fire      36%        2x1d5     8%          1

Your spell library contained the following spells:

 Spells                   Type           Power      Damage    Failure   Level
 Scorch                   Fire           20%        2d6       10%         2
 Conjure Flame            Conj/Fire      9%         6-21      22%         3
 Inner Flame              Hex/Fire       6%         N/A       34%         3
 Flame Wave               Conj/Fire      9%         2d5       58%         4


Dungeon Overview and Level Annotations

Branches:
Dungeon (2/15)

Altars:
Makhleb


Message History

Welcome, Flugslaktarn the Human Fire Elementalist.
The heart of this dungeon contains the astounding artefact, the Orb of Zot.
Press ? for a list of commands and other information.
Found a scroll labelled USEODWEUBA.
Found a staircase leading out of the dungeon.
Found 12 stones.
c - a scroll labelled USEODWEUBA You see here 12 stones.
d - 12 stones A frilled lizard comes into view.
Found an escape hatch in the floor.
Casting: Foxfire (safe; 10% risk of failure)
Confirm with . or Enter, or press ? or * to list all spells.
You conjure some foxfire!
The foxfire hits the frilled lizard.
You kill the frilled lizard!
Found a stone staircase leading down.
Found 14 stones.
Found 15 stones and 6 gold pieces.
A hobgoblin comes into view.
Found a quarterstaff and a helmet.
The hobgoblin shouts!
Casting: Foxfire (safe; 10% risk of failure)
Confirm with . or Enter, or press ? or * to list all spells.
You conjure some foxfire!
Casting: Foxfire (safe; 10% risk of failure)
Confirm with . or Enter, or press ? or * to list all spells.
You conjure some foxfire!
The foxfire hits the hobgoblin but does no damage.
The foxfire hits the hobgoblin.
You kill the hobgoblin!
d - 26 stones (gained 14)
Your foxfire dissipates!
There are no items here.
A rat comes into view.
Your foxfire dissipates!
You see here 15 stones.
d - 41 stones (gained 15)
You see here 6 gold pieces.
You now have 6 gold pieces.
The rat attacks as you move away! The rat bites you.
Casting: Foxfire (safe; 10% risk of failure)
Confirm with . or Enter, or press ? or * to list all spells.
You conjure some foxfire!
The rat bites you.
You barely miss the rat.
The foxfire hits the rat.
You kill the rat!
Your foxfire dissipates!
You see here a +0 helmet.
You start putting on your armour.
You continue putting on your +0 helmet. x4
You finish putting on your +0 helmet.
There is a stone staircase leading down here.
You climb downwards.
Found a scroll labelled SIODWOUXICW.
There is a stone staircase leading up here.
f - a scroll labelled SIODWOUXICW An adder comes into view.
The adder hisses angrily.
Casting: Foxfire (safe; 9% risk of failure)
Confirm with . or Enter, or press ? or * to list all spells.
You conjure some foxfire!
Casting: Foxfire (safe; 9% risk of failure)
Confirm with . or Enter, or press ? or * to list all spells.
You conjure some foxfire!
The foxfire hits the adder.
The adder is heavily wounded.
The foxfire hits the adder but does no damage.
The adder is heavily wounded.
Casting: Foxfire (safe; 9% risk of failure)
Confirm with . or Enter, or press ? or * to list all spells.
You conjure some foxfire!
The foxfire hits the adder.
The adder is severely wounded.
The foxfire hits the adder but does no damage.
The adder is severely wounded.
The adder misses you. The adder attacks as you move away!
The adder bites you but does no damage.
The foxfire hits the adder.
You kill the adder!
Your Conjurations skill increases to level 2!
You have reached level 2!
Your foxfire dissipates!
Found 13 gold pieces.
You now have 19 gold pieces (gained 13).
You open the door.
Found a gnoll skeleton.
Found a gnoll skeleton.
There is an open door here.
You open the door.
Found a faded altar of an unknown god.
There is an open door here.
There is a faded altar of an unknown god here.
You cannot tell which god this altar belongs to.
Convert to them anyway?
Makhleb accepts your prayer! Makhleb welcomes you!
You can now gain health from killing.
Are you sure you want to abandon this character and quit the game? (Confirm with "yes".) ♣♣♣ ♣♣@♣ ♣♣P.♣♣♣ ♣♣.P.♣.♣ ♣PPP..P♣♣ ♣PPP.P.P♣

♣###'###P♣ #
♣♣#.....#♣♣
#.♣÷#..8..#÷♣
#.♣♣#.....#♣♣.#


There were no monsters in sight!

Vanquished Creatures
  An adder (D:2)
  A hobgoblin (D:1)
  A frilled lizard (D:1)
  A rat (D:1)
4 creatures vanquished.

Vanquished Creatures (others)
  12 foxfires
12 creatures vanquished.

Grand Total: 16 creatures vanquished

Notes
Turn   | Place    | Note
-------+----------+-------------------------------------------
     0 | D:1      | Flugslaktarn the Human Fire Elementalist began the quest
                  | for the Orb.
     0 | D:1      | Reached XP level 1. HP: 13/13 MP: 3/3
    87 | D:2      | Reached XP level 2. HP: 13/19 MP: 0/5
   102 | D:2      | Found a faded altar of an unknown god.
   109 | D:2      | Prayed at the altar of an unknown god.
   109 | D:2      | Became a worshipper of Makhleb the Destroyer
   109 | D:2      | Reached * piety under Makhleb
   110 | D:2      | Quit the game

Illustrated notes

Levels and vault maps discovered:
D:1:      psy_arrival_basics, layout_basic
D:2:      layout_basic, dilly_ecumenical_altar_fadedgnrine

Skill      XL: |  1 |
---------------+----+-----
Conjurations   | 2 |  2.2
Dodging        | |  2.0
Stealth        | |  2.0
Spellcasting   | |  2.0
Fire Magic     | |  3.0

Action                   || total
-------------------------++-------
Melee: Unarmed           ||     1
 Cast: Foxfire           ||     7
Armor: Robe              ||     1
Dodge: Dodged            ||     1

Table legend: (Time is in decaauts)
 A = Elapsed time spent in this place.
 B = Non-inter-level travel time spent in this place.
 C = Inter-level travel time spent in this place.
 D = Time resting spent in this place.
 E = Time spent auto-exploring this place.
 F = Levels seen in this place.
 G = Mean time per level.
                   A        B        C        D        E       F      G
               +--------+--------+--------+--------+--------+-----+--------+
         Total |    109 |    109 |      0 |      0 |      0 |   2 |   54.5 |
       Dungeon |    109 |    109 |      0 |      0 |      0 |   2 |   54.5 |
               +--------+--------+--------+--------+--------+-----+--------+

Top non-repeatable levels by time:
     D:1: 67 daAuts
     D:2: 42 daAuts
